 Dungeon Crawl Stone Soup version 0.30-a0-920-g7493c07aab (webtiles) character file.

Game seed: 5136272046889094046

119 greynaab the Ducker (level 5, 0/36 HPs)
             Began as an Octopode Berserker on Mar 21, 2023.
             Was a Follower of Trog.
             Slain by a black bear (1 damage)
             ... on level 4 of the Dungeon.
             The game lasted 00:02:34 (1512 turns).

greynaab the Ducker (Octopode Berserker)            Turns: 1512, Time: 00:02:35

Health: 0/36       AC:  1    Str: 17    XL:     5   Next: 3%
Magic:  5/5        EV: 14    Int:  9    God:    Trog [*.....]
Gold:   119        SH:  0    Dex: 13    Spells: 4/4 levels left

rFire   + . .      SeeInvis .    a - +2 whip (venom)
rCold   + . .      Faith    .    (no shield)
rNeg    . . .      Spirit   .    (helmet restricted)
rPois   +          Reflect  .    (no amulet)
rElec   +          Rampage  .    (no ring)
rCorr   +                        (no ring)
Will    .....                    (no ring)
Stlth   ++                       (no ring)
HPRegen 0.26/turn                (no ring)
MPRegen 0.09/turn                (no ring)
                                 (no ring)
                                 (no ring)

@: brilliant, resistant, on berserk cooldown, hasted and slowed, unable to read
A: almost no armour, amphibious, 8 rings, camouflage 1, gelatinous body 1,
(nimble swimmer 1), tentacles, wild magic 1, inability to read after injury 1
a: Renounce Religion, Berserk


You were on level 4 of the Dungeon.
You worshipped Trog.
Trog was aware of your devotion.
You visited 1 branch of the dungeon, and saw 3 of its levels.

You collected 119 gold pieces.

Inventory:

Hand Weapons
 a - a +2 whip of venom (weapon)
 b - a +0 hand axe
Missiles
 e - 2 poisoned darts (quivered)
Scrolls
 f - 2 scrolls of poison
 g - a scroll of blinking {unknown}
 h - a scroll of identify {unknown}
 i - a scroll of enchant armour {unknown}
 m - a scroll of teleportation {unknown}
Potions
 l - a potion of brilliance


   Skills:
 - Level 3.0 Fighting
 - Level 3.5(3.9) Axes
 + Level 2.3(3.3) Maces & Flails
 + Level 4.4 Dodging


You had 4 spell levels left.
You didn't know any spells.
Your spell library was empty.

Dungeon Overview and Level Annotations

Branches:
Dungeon (2/15) Zot: 16481

Altars:


Innate Abilities, Weirdness & Mutations

You cannot wear most types of armour.
You are amphibious.
You can wear up to eight rings at the same time.
Your skin changes colour to match your surroundings (Stealth+).
Your rubbery body absorbs attacks. (AC +1, EV +1)
((You are camouflaged when in or above water. (Stealth+)))
You have tentacles for arms and can constrict up to eight enemies at once.
Your spells are a little harder to cast, but a little more powerful.
You occasionally lose the ability to read scrolls when taking damage.


Message History

The scorpion misses you.
It was a potion of brilliance.
You feel clever all of a sudden. The scorpion stings you.
The scorpion barely misses you.
It was a potion of mutation.
You feel extremely strange.
You feel less in control of your magic.
You occasionally lose the ability to read scrolls when taking damage.
The scorpion closely misses you. The scorpion completely misses you.
It was a potion of magic.
Magic courses through your body. The scorpion misses you.
Unknown command.
As you read the scroll labelled FYEKKYVOPTIU, it crumbles to dust.
The creatures around you are filled with an inner flame!
It was a scroll of immolation.
The scorpion closely misses you. The scorpion stings you!
The air fills with toxic fumes!
As you read the scroll labelled IHOLUU PICIL, it crumbles to dust.
It was a scroll of poison.
The scorpion stings you. The black bear misses you. The black bear claws you.
The black bear closely misses you. The scorpion closely misses you.
Unknown command.
Unknown command.
It was a potion of haste.
You feel yourself speed up.
The black bear bites you but does no damage.
The black bear closely misses you. The black bear claws you.
The scorpion barely misses you.
The scorpion stings you but does no damage.
The black bear bites you.
The black bear claws you but does no damage.
The black bear claws you.
It was a potion of resistance.
You feel protected. The scorpion stings you.
You feel threatened and lose the ability to read scrolls!
* * * LOW HITPOINT WARNING * * *
The black bear bites you but does no damage.
The black bear claws you.
* * * LOW HITPOINT WARNING * * *
The black bear claws you.
You die...

....###...# #.#
#.....#...§#.. #........#§§.
##.....#..##§# #### #.
##......#§.##§##§§...#..#
###......§#§§#§§#§§##......
.........§§§§§§§§§§§.......
##[.#....§§§§§§§s§###......
#......###.....#@§§#.....#
....##.# #.....##h§§§§§§###
#...##.###...#...§§§§##§..##
.................§§§§§§§....
...............#.§§§§§§§.##
.................§§§§§§§.#
.................#§§§§§§.#
...............#..§§§§§§.#
.................##...$..#


You could see a black bear and a scorpion (inner flame).

Vanquished Creatures
  A black bear (D:4)
  A dart slug (D:1)
  An orc (D:4)
  3 bats
  2 endoplasms (D:1)
  A giant cockroach (D:2)
  6 goblins (D:1)
  3 hobgoblins (D:1)
  2 kobolds (D:1)
  A quokka (D:2)
  3 frilled lizards
  4 rats
28 creatures vanquished.

Notes
Turn   | Place    | Note
-------+----------+-------------------------------------------
     0 | D:1      | greynaab the Octopode Berserker began the quest for the
                  | Orb.
     0 | D:1      | Reached XP level 1. HP: 16/16 MP: 1/1
   104 | D:1      | Reached XP level 2. HP: 21/21 MP: 2/2
   881 | D:1      | Reached XP level 3. HP: 26/26 MP: 3/3
  1454 | D:2      | You fall into a shaft and drop 2 floors!
  1466 | D:4      | Noticed a scorpion
  1482 | D:4      | Noticed a black bear
  1494 | D:4      | Killed a black bear
  1495 | D:4      | Reached skill level 4 in Dodging
  1495 | D:4      | Reached XP level 4. HP: 31/31 MP: 4/4
  1495 | D:4      | Reached XP level 5. HP: 36/36 MP: 5/5
  1502 | D:4      | Noticed a black bear
  1507 | D:4      | Gained mutation: Your spells are a little harder to cast,
                  | but a little more powerful. [potion of mutation]
  1507 | D:4      | Gained mutation: You occasionally lose the ability to read
                  | scrolls when taking damage. [potion of mutation]
  1512 | D:4      | Slain by a black bear

Illustrated notes

Levels and vault maps discovered:
D:1:      evilmike_arrival_hilbert_curve, layout_loops_corners
D:2:      layout_basic
D:4:      layout_rooms

Skill      XL: |  1  2  3 |
---------------+----------+-----
Maces & Flails | 2 |  2.3
Dodging        | 4 |  4.4
Fighting       | |  3.0
Axes           | |  3.5

Action                     |  1- 3 |  4- 6 || total
---------------------------+-------+-------++-------
  Melee: Hand axe          |    28 |       ||    28
         Constrict         |    11 |       ||    11
         Tentacles         |     5 |       ||     5
         Whip              |    14 |     1 ||    15
  Throw: Dart              |     4 |       ||     4
 Invoke: Berserk           |     1 |       ||     1
    Use: Potion            |       |     5 ||     5
         Scroll            |       |     2 ||     2
   Stab: Sleeping          |     6 |       ||     6
 Armour: Skin              |     1 |     4 ||     5
  Dodge: Dodged            |    16 |    11 ||    27

Table legend: (Time is in decaauts)
 A = Elapsed time spent in this place.
 B = Non-inter-level travel time spent in this place.
 C = Inter-level travel time spent in this place.
 D = Time resting spent in this place.
 E = Time spent auto-exploring this place.
 F = Levels seen in this place.
 G = Mean time per level.
                   A        B        C        D        E       F      G
               +--------+--------+--------+--------+--------+-----+--------+
         Total |   1517 |   1478 |     39 |     77 |   1199 |   3 |  505.7 |
       Dungeon |   1517 |   1478 |     39 |     77 |   1199 |   3 |  505.7 |
               +--------+--------+--------+--------+--------+-----+--------+

Top non-repeatable levels by time:
     D:1: 1040 daAuts
     D:2: 415 daAuts
     D:4: 60 daAuts
